 Dungeon Crawl Stone Soup version 0.30-a0-847-g17996783a1 (webtiles) character file.

Game seed: 6037419770322207836

178 cforsyth the Sneak (level 5, 0/32 HPs)
             Began as a Kobold Brigand on Mar 3, 2023.
             Slain by a goblin
             ... wielding a +0 dagger of flaming
              (2 damage)
             ... on level 4 of the Dungeon.
             The game lasted 00:02:59 (2896 turns).

cforsyth the Sneak (Kobold Brigand)                 Turns: 2896, Time: 00:03:00

Health: 0/32       AC:  3    Str:  8    XL:     5   Next: 89%
Magic:  5/5        EV: 16    Int: 12    God:
Gold:   127        SH:  0    Dex: 19    Spells: 4/4 levels left

rFire   . . .      SeeInvis .    p - +2 short sword (drain)
rCold   . . .      Faith    .    (no shield)
rNeg    . . .      Spirit   .    b - +0 robe
rPois   .          Reflect  .    (no helmet)
rElec   .          Rampage  .    c - +0 cloak
rCorr   .                        (no gloves)
Will    .....                    (no boots)
Stlth   +++++                    (no amulet)
HPRegen 0.25/turn                (no ring)
MPRegen 0.09/turn                (no ring)

@: no status effects
A: small, no large weapons, nightstalker 3
a: no special abilities


You were on level 4 of the Dungeon.
You visited 1 branch of the dungeon, and saw 4 of its levels.

You collected 127 gold pieces.

Inventory:

Hand Weapons
 a - a +2 dagger
 n - a +1 dagger of speed
 p - a +2 short sword of draining (weapon)
Missiles
 d - 9 poisoned darts (quivered)
 e - 3 curare-tipped darts
Armour
 b - a +0 robe (worn)
 c - a +0 cloak (worn)
Scrolls
 f - 3 scrolls of identify
 i - a scroll of teleportation {unknown}
 j - a scroll of magic mapping {unknown}
 l - a scroll of fog {unknown}
Potions
 g - a potion of heal wounds
 h - a potion of lignification {unknown}
 k - a potion of curing {unknown}
 m - 2 potions of haste {unknown}
 o - a potion of brilliance {unknown}


   Skills:
 + Level 3.5 Fighting
 + Level 4.4 Short Blades
 - Level 2.1 Throwing
 + Level 3.1 Dodging
 + Level 6.5 Stealth


You had 4 spell levels left.
You didn't know any spells.
Your spell library contained the following spells:

 Spells                   Type           Power      Damage    Failure   Level
 Kiss of Death            Conj/Necr      0%         2d5       32%         1
 Call Canine Familiar     Summ           0%         N/A       69%         3
 Confusing Touch          Hex            0%         N/A       69%         3
 Inner Flame              Hex/Fire       0%         N/A       69%         3
 Portal Projectile        Hex/Tloc       0%         N/A       69%         3
 Dispel Undead            Necr           0%         3d6       97%         4
 Flame Wave               Conj/Fire      0%         2d4       97%         4
 Leda's Liquefaction      Hex/Erth       0%         N/A       97%         4
 Sticky Flame             Conj/Fire      0%         2d3       97%         4


Dungeon Overview and Level Annotations

Branches:
Dungeon (4/15)
 Temple: D:4-7

Altars:

Shops:
D:2 (


Innate Abilities, Weirdness & Mutations

You are small and have problems with some larger weapons.
You are completely attuned to the shadows.


Message History

You are too injured to fight recklessly!
You are too injured to fight recklessly!
You are too injured to fight recklessly!
You are too injured to fight recklessly!
You are too injured to fight recklessly!
You are too injured to fight recklessly!
You are too injured to fight recklessly!
You are too injured to fight recklessly!
The orc attacks as you move away! The orc barely misses you.
The goblin unwields a +0 dagger of flaming.
It stops flaming.
The goblin wields a +0 sling.
The goblin shoots a sling bullet.
The sling bullet misses you. The orc attacks as you move away!
The orc misses you. The orc attacks as you move away!
The orc hits you with a +0 war axe.
You barely miss the orc. The orc closely misses you. The orc barely misses you.
The orc attacks as you move away! The orc closely misses you.
The orc attacks as you move away! The orc misses you.
You completely miss the orc. The orc closely misses you.
You hit the orc. You drain the orc.
You kill the orc!
The orc misses you. x2
You hit the orc. You drain the orc.
You kill the orc!
The orc hits you with a +0 trident.
Things that are here:
a +0 war axe; an orc corpse You barely miss the orc.
The orc closely misses you.
You closely miss the orc. The orc hits you with a +0 trident.
The goblin unwields a +0 sling.
The goblin wields a +0 dagger of flaming.
It bursts into flame!
The goblin misses you.
You closely miss the orc. The orc closely misses you.
You hit the orc.
The orc is severely wounded.
The goblin closely misses you. The orc hits you with a +0 trident!
* * * LOW HITPOINT WARNING * * *
You closely miss the orc.
The orc is severely wounded.
The goblin hits you with a +0 dagger of flaming.
You die...

#..g......
#.........
#....##.#.
####..#....#
#..)......##
#....#....##
##....<......
......g......
......o@)...#
......##....#
...)..###....
.......# ####
........#
.........
.........


You could see an orc and a goblin.

Vanquished Creatures
  An orc priest (D:4)
  2 gnolls
  5 adders
  2 worms
  2 dart slugs (D:3)
  12 orcs
  3 endoplasms
  3 giant cockroaches
  5 goblins
  2 hobgoblins
  4 jackals
  3 kobolds
  3 quokkas
  5 ball pythons
  3 bats
  5 frilled lizards
60 creatures vanquished.

Notes
Turn   | Place    | Note
-------+----------+-------------------------------------------
     0 | D:1      | cforsyth the Kobold Brigand began the quest for the Orb.
     0 | D:1      | Reached XP level 1. HP: 12/12 MP: 1/1
   204 | D:1      | Reached XP level 2. HP: 18/18 MP: 2/2
   548 | D:2      | Reached XP level 3. HP: 20/22 MP: 3/3
   703 | D:2      | Reached XP level 4. HP: 27/27 MP: 4/4
   734 | D:2      | Reached skill level 6 in Stealth
  1060 | D:2      | Found Toysumus's Weapon Boutique.
  1908 | D:3      | Reached XP level 5. HP: 32/32 MP: 5/5
  2895 | D:4      | HP: 1/32 [orc/+0 trident (9)]
  2896 | D:4      | Slain by a goblin

Illustrated notes

Levels and vault maps discovered:
D:1:      psy_arrival_basics, layout_rooms
D:2:      layout_basic, serial_shops, nicolae_shop_bloodbath_and_beyond
D:3:      layout_basic
D:4:      layout_layer_cave, minmay_temple_entry_antechambers,
          minmay_strange_pillars, minmay_snake_closets

Skill      XL: |  1  2  3  4  5 |
---------------+----------------+-----
Short Blades   | 3 4 |  4.4
Dodging        | 2 3 |  3.1
Fighting       | 3 |  3.5
Stealth        | 6 |  6.5
Throwing       | |  2.1

Action                     |  1- 3 |  4- 6 || total
---------------------------+-------+-------++-------
  Melee: Dagger            |    51 |    80 ||   131
         Punch             |     1 |     1 ||     2
         Short sword       |       |    53 ||    53
    Use: Scroll            |       |     1 ||     1
   Stab: Sleeping          |     9 |    15 ||    24
 Armour: Robe              |    12 |    10 ||    22
  Dodge: Dodged            |    34 |   119 ||   153

Table legend: (Time is in decaauts)
 A = Elapsed time spent in this place.
 B = Non-inter-level travel time spent in this place.
 C = Inter-level travel time spent in this place.
 D = Time resting spent in this place.
 E = Time spent auto-exploring this place.
 F = Levels seen in this place.
 G = Mean time per level.
                   A        B        C        D        E       F      G
               +--------+--------+--------+--------+--------+-----+--------+
         Total |   2851 |   2677 |    174 |    508 |   1795 |   4 |  712.8 |
       Dungeon |   2851 |   2677 |    174 |    508 |   1795 |   4 |  712.8 |
               +--------+--------+--------+--------+--------+-----+--------+

Top non-repeatable levels by time:
     D:3: 1476 daAuts
     D:2: 818 daAuts
     D:1: 457 daAuts
     D:4: 97 daAuts
